AoeStats
← Banzé

MegaRandom

503916830Analyzed
3v3 RM · 28d ago on Sep 3, 2026· 43m 47s· 6 players
Game mode
Random Map
Map size
Normal (6 player)
Population
200
Speed
Normal
Resources
Standard
Victory
Conquest
Starting age
Dark Age
Ending age
Imperial Age
RankedLock teamsTeams togetherTeam positionsShared explorationLock speedFull tech treeHidden civsTurbo modeCheats
Victory
Defeat
🇨🇳 Cumans · China
1129
+12
🇨🇴 Huns · Colombia
1125
+12
1031
+17
🇧🇷 Vietnamese · Brazil
1120
-16
🇧🇷 Japanese · Brazil
1050
-14
🇧🇷 Franks · Brazil
973
-11
zeca.carvalho
5:56 Loom
9:52 Feudal Age
10:53 Double-Bit Axe
14:03 Fletching
22:58 Castle Age
23:07 Crossbowman
23:53 Thumb Ring
24:10 Bodkin Arrow
25:08 Bow Saw
26:19 Wheelbarrow
25:58 Padded Archer Armor
29:17 Ballistics
29:52 Leather Archer Armor
31:27 Hand Cart
32:40 Pikeman
33:21 Squires
42:06 Imperial Age
42:46 Imperial Age
t3o
0:41 Loom
10:10 Feudal Age
10:36 Double-Bit Axe
16:31 Castle Age
16:01 Scale Barding Armor
18:27 Wheelbarrow
17:50 Pikeman
23:40 Chain Barding Armor
26:14 Forging
26:59 Husbandry
28:16 Town Watch
32:45 Fletching
37:42 Imperial Age
41:38 Ballistics
41:29 Masonry
43:02 Bodkin Arrow
43:08 Padded Archer Armor
43:21 Elite Skirmisher
Banzé
6:31 Loom
8:44 Feudal Age
11:00 Man-at-Arms
18:51 Scale Mail Armor
20:28 Double-Bit Axe
24:15 Castle Age
22:47 Horse Collar
24:14 Wheelbarrow
24:41 Long Swordsman
25:21 Squires
26:57 Forging
27:02 Chain Mail Armor
27:15 Gambesons
27:16 Arson
27:51 Bow Saw
29:44 Iron Casting
30:10 Fletching
30:25 Padded Archer Armor
30:07 Elite Skirmisher
35:23 Leather Archer Armor
37:42 Heavy Plow
38:24 Pikeman
Diegonorreea
9:32 Feudal Age
10:10 Double-Bit Axe
13:17 Fishing Lines
18:19 Scale Barding Armor
18:25 Forging
21:49 Castle Age
20:47 Stone Mining
21:11 Gold Mining
22:01 Man-at-Arms
22:02 Pikeman
25:26 Bow Saw
25:39 Husbandry
25:35 Light Cavalry
27:56 Fletching
28:00 Elite Skirmisher
29:30 Chain Barding Armor
29:45 Iron Casting
31:03 Bloodlines
32:05 Gold Shaft Mining
31:49 Thumb Ring
32:52 Gillnets
33:43 Bodkin Arrow
40:03 Imperial Age
38:09 Wheelbarrow
37:19 Town Watch
37:19 Loom
40:08 Hussar
42:41 Two-Man Saw
43:44 Plate Barding Armor
44:10 Blast Furnace
330609350
0:31 Loom
8:39 Feudal Age
15:17 Horse Collar
20:55 Wheelbarrow
25:49 Castle Age
24:15 Double-Bit Axe
24:21 Gold Mining
27:30 Hand Cart
32:33 Bow Saw
32:59 Gold Shaft Mining
32:42 Bloodlines
34:03 Capped Ram
35:35 Scale Barding Armor
35:40 Forging
35:21 Fletching
35:59 Heavy Plow
38:48 Imperial Age
36:19 Pikeman
37:43 Chain Barding Armor
38:10 Gold Shaft Mining
38:51 Squires
39:29 Iron Casting
39:05 Bodkin Arrow
38:53 Elite Steppe Lancer
40:16 Plate Barding Armor
40:06 Stone Mining
40:20 Scale Mail Armor
41:23 Blast Furnace
40:54 Town Watch
41:16 Steppe Husbandry
41:37 Conscription
41:37 Siege Ram
43:04 Bodkin Arrow
43:13 Cuman Mercenaries
三只蚂蚁国际集运
0:42 Loom
9:54 Feudal Age
15:50 Castle Age
14:38 Double-Bit Axe
14:36 Horse Collar
15:29 Padded Archer Armor
18:51 Ballistics
18:48 Forging
19:08 Fletching
19:34 Gold Mining
21:13 Gold Shaft Mining
20:52 Bow Saw
21:23 Masonry
23:58 Murder Holes
26:27 Bodkin Arrow
34:05 Imperial Age
32:39 Wheelbarrow
31:57 Town Watch
33:53 Leather Archer Armor
34:14 Iron Casting
35:40 Conscription
36:00 Stone Mining
38:36 Hoardings
40:24 Chemistry
39:18 Capped Ram
40:44 Squires
40:04 Pikeman
41:31 Elite Mangudai
43:55 Nomads
Connection lost

Rejoining the realm…

Still unreachable

The connection could not be restored.

Session expired

The server has moved on; the page needs a fresh start.